 Dungeon Crawl Stone Soup version 0.21.1-1-g345015f (webtiles) character file.

1222 homeworkjunkie the Cleaver (level 8, 0/70 HPs)
             Began as a Hill Orc Fighter on Feb 27, 2018.
             Slain by a hornet (14 damage)
             ... on level 4 of the Dungeon.
             The game lasted 00:07:48 (4779 turns).

homeworkjunkie the Cleaver (Hill Orc Fighter)       Turns: 4779, Time: 00:07:50

Health: 0/70       AC: 12    Str: 20    XL:     8   Next: 47%
Magic:  8/8        EV:  6    Int:  8    God:
Gold:   264        SH: 10    Dex: 11    Spells: 7/7 levels left

rFire    . . .     SeeInvis .   a - +0 war axe
rCold    . . .     Gourm    .   c - +0 shield
rNeg     . . .     Faith    .   j - +1 chain mail
rPois    .         Spirit   .   k - +0 helmet
rElec    .         Reflect  .   (no cloak)
rCorr    .         Harm     +   (no gloves)
MR       .....                  (no boots)
Stlth    ..........             b - amulet of harm
HPRegen  0.21/turn              h - ring of stealth
MPRegen  0.11/turn              (no ring)

@: slowed, very slow
A: no striking features
a: no special abilities


You were on level 4 of the Dungeon.
You were not hungry.

You visited 2 branches of the dungeon, and saw 7 of its levels.
You also visited: Sewer.

You collected 264 gold pieces.

Inventory:

Hand Weapons
 a - a +0 war axe (weapon)
Armour
 c - a +0 shield (worn)
 j - a +1 chain mail (worn)
 k - a +0 helmet (worn)
Jewellery
 b - an amulet of harm (around neck)
 h - a ring of stealth (left hand)
 p - a cursed amulet of inaccuracy {unknown}
Wands
 t - a wand of polymorph (15)
Scrolls
 e - 3 scrolls of blinking
 g - 5 scrolls of identify
 i - 4 scrolls of teleportation
Potions
 d - a potion of ambrosia {unknown}
 l - a potion of lignification {unknown}
 m - a potion of haste {unknown}
 n - 2 potions of magic {unknown}
 o - 2 potions of curing
 q - 2 potions of brilliance
 r - 2 potions of flight {unknown}
 s - 2 potions of berserk rage {unknown}
Comestibles
 f - 7 rations


   Skills:
 * Level 5.6 Fighting
 * Level 8.8 Axes
 * Level 5.5 Armour
 + Level 1.0 Dodging
 * Level 6.3 Shields


You had 7 spell levels left.
You didn't know any spells.

Dungeon Overview and Level Annotations

Branches:
Dungeon (6/15)             Temple (1/1) D:5

Altars:
Ashenzari
Cheibriados
Dithmenos
Fedhas
Gozag
Hepliaklqana
Kikubaaqudgha
Makhleb
Nemelex Xobeh
Qazlal
Trog
Uskayaw
Wu Jian
Xom
Yredelemnul
Zin
The Shining One

Shops:
D:4 *


Message History

The hornet stings you but does no damage.
The hornet stings you.
* * * LOW HITPOINT WARNING * * *
You suddenly lose the ability to move!
The hornet stings you but does no damage.
The hornet stings you.
* * * LOW HITPOINT WARNING * * *
You feel as though you will be slow longer.
The hornet stings you but does no damage.
You can move again.
You feel better.
The hornet stings you but does no damage.
The hornet closely misses you.
Your shield and chain mail prevent you from hitting the hornet.
The hornet is heavily wounded.
The hornet stings you.
* * * LOW HITPOINT WARNING * * *
You feel as though you will be slow longer.
The hornet stings you!
You die...

..##.........#.....#.........#
..#####....###.....#.........#
..##........########.........#
..##........# +.........#
..##........# #.........#
..##........# ####.....####
..##........# #....#.#.#
####........######....#.#.#
#............@y......#.#
########..........####.#
#................
#.....####....### #.....#
#....# #.....# #...... #.)...#
#....### #.....# ######
#.....#


You could see a hornet.

Vanquished Creatures
  Duvessa (D:5)
  Purgy (Sewer)
  An ice beast (D:6)
  An ogre (D:4)
  A centaur (D:5)
  Dowan (D:5)
  2 scorpions (D:4)
  A hound (D:4)
  A gnoll shaman (D:2)
  2 orc priests
  2 orc wizards
  An iguana (D:5)
  Terence (D:3)
  4 worker ants
  10 gnolls
  8 adders
  An adder skeleton (D:5)
  2 worms
  2 dart slugs
  6 leopard geckos
  14 orcs
  2 ball pythons (Sewer)
  6 giant cockroaches
  7 goblins
  A hobgoblin (D:3)
  6 jackals
  7 kobolds
  A quokka (D:3)
  5 bats
  4 frilled lizards
  8 rats
110 creatures vanquished.

Notes
Turn   | Place    | Note
-------+----------+-------------------------------------------
     0 | D:1      | homeworkjunkie the Hill Orc Fighter began the quest for the Orb.
     0 | D:1      | Reached XP level 1. HP: 19/19 MP: 1/1
   141 | D:2      | Reached XP level 2. HP: 4/27 MP: 2/2
   253 | D:2      | Reached skill level 3 in Axes
   253 | D:2      | Reached XP level 3. HP: 15/33 MP: 3/3
   260 | D:2      | Reached XP level 4. HP: 8/41 MP: 4/4
   262 | D:2      | HP: 2/41 [gnoll (5)]
   861 | D:4      | Found a bloodstained altar of Trog.
   871 | D:4      | Reached skill level 4 in Axes
   871 | D:4      | Reached XP level 5. HP: 44/47 MP: 5/5
   924 | D:3      | Noticed Terence
  1305 | D:3      | Killed Terence
  1305 | D:3      | Reached skill level 5 in Axes
  1919 | D:2      | Reached XP level 6. HP: 51/53 MP: 6/6
  3011 | D:4      | Noticed a hornet
  3650 | D:4      | Reached skill level 5 in Shields
  3666 | D:4      | Found Aczuihumn's General Store.
  3709 | D:4      | Reached XP level 7. HP: 54/60 MP: 7/7
  3721 | D:4      | Reached skill level 6 in Axes
  3724 | D:4      | Reached skill level 5 in Fighting
  3777 | D:5      | Entered Level 5 of the Dungeon
  3782 | D:5      | Reached skill level 7 in Axes
  3783 | D:5      | Noticed Duvessa
  3783 | D:5      | Noticed Dowan
  3800 | D:5      | Killed Duvessa
  3800 | D:5      | Reached skill level 5 in Armour
  3826 | D:5      | Killed Dowan
  3891 | D:5      | Found a staircase to the Ecumenical Temple.
  3898 | Temple   | Entered the Ecumenical Temple
  4053 | D:5      | Found a snail-covered altar of Cheibriados.
  4060 | D:5      | Reached XP level 8. HP: 58/68 MP: 8/8
  4147 | D:5      | Reached skill level 8 in Axes
  4158 | D:5      | Found a glowing drain.
  4168 | Sewer    | Entered a sewer
  4246 | Sewer    | Noticed Purgy
  4268 | Sewer    | Killed Purgy
  4566 | D:4      | Reached skill level 1 in Dodging
  4768 | D:4      | Paralysed by a hornet for 3 turns
  4775 | D:4      | Paralysed by a hornet for 3 turns
  4779 | D:4      | Slain by a hornet

Skill      XL: |  1  2  3  4  5  6  7  8 |
---------------+-------------------------+-----
Fighting       | 4 5 |  5.6
Axes           | 3 4 5 7 8 |  8.8
Shields        | 4 5 6 |  6.3
Armour         | 4 5 |  5.5
Dodging        | 1 |  1.0

Action                   |  1- 3 |  4- 6 |  7- 9 || total
-------------------------+-------+-------+-------++-------
Melee: War axe           |    38 |   216 |   158 ||   412
  Use: Potion            |     1 |     2 |     2 ||     5
       Scroll            |       |     5 |     2 ||     7
  Eat: Ration            |       |     4 |       ||     4
Armor: Scale mail        |    23 |    21 |       ||    44
       Chain mail        |       |    90 |    96 ||   186
Dodge: Dodged            |    16 |    46 |    50 ||   112
Block: Shield            |    22 |   128 |   101 ||   251
